 Dungeon Sprint DCSS version 0.27.1-33-g824d729ab1 (webtiles) character file.

Game seed: 10515047550983506262

19476 Adenis the Severer (level 12, -7/133 HPs)
             Began as a Minotaur Berserker on Dec 6, 2021.
             Was the Champion of Trog.
             Killed from afar by a fire giant (17 damage)
             ... with a fireball
             ... in the Dungeon (Sprint I: "Red Sonja").
             The game lasted 00:11:28 (4971 turns).

Adenis the Severer (Minotaur Berserker)             Turns: 4971, Time: 00:11:29

Health: -7/133     AC:  9    Str: 31    XL:     12   Next: 36%
Magic:  6/11       EV: 16    Int:  4    God:    Trog [******]
Gold:   1584       SH: 14    Dex: 12    Spells: 11/11 levels left

rFire    + + .     SeeInvis +   a - +0 hand axe
rCold    + + .     Faith    .   o - +2 shield of Resistance {rF++ rC++ Will++}
rNeg     . . .     Spirit   .   k - +2 ring mail {rPois}
rPois    +         Reflect  .   (helmet restricted)
rElec    .         Harm     .   (no cloak)
rCorr    .         Rampage  .   (no gloves)
Will     ++...     NoTele   +   (no boots)
Stlth    ++........             (no amulet)
HPRegen  0.32/turn              p - ring of see invisible
MPRegen  0.12/turn              s - +6 ring of strength

@: on berserk cooldown, slowed, studying Stealth, very slow
A: horns 2, retaliatory headbutt
a: Renounce Religion, Berserk, Trog's Hand, Brothers in Arms


You were in the Dungeon.
You worshipped Trog.
Trog was exalted by your worship.
You visited 1 branch You collected 3230 gold pieces.
You spent 1646 gold pieces at shops.

Inventory:

Hand Weapons
 a - a +0 hand axe (weapon)
 c - a +2 antimagic battleaxe
 t - a +4 antimagic broad axe
 u - a +5 battleaxe
 v - a +3 battleaxe of flaming
 x - a +6 antimagic broad axe
Armour
 b - a +0 animal skin
 k - a +2 ring mail of poison resistance (worn)
 o - the +2 shield of Resistance (worn) {rF++ rC++ Will++}
   (You bought it in a shop in the Dungeon)

   rF:        It greatly protects you from fire.
   rC:        It greatly protects you from cold.
   Will:      It greatly increases your willpower.
Jewellery
 p - a ring of see invisible (left hand)
 s - a +6 ring of strength (right hand)
Wands
 i - a wand of digging (8)
 j - a wand of paralysis (7)
 q - a wand of acid (11)
Scrolls
 h - a scroll of blinking
 m - a scroll of vulnerability {unknown}
Potions
 d - 2 potions of heal wounds
 e - a potion of haste
 f - 3 potions of magic
 g - a potion of berserk rage
 l - 4 potions of curing
 n - a potion of resistance {unknown}
 r - 2 potions of attraction {unknown}
Miscellaneous
 w - a phial of floods


   Skills:
 + Level 20.1 Fighting
 + Level 20.8 Axes
 + Level 12.9 Armour
 + Level 14.2 Dodging
 + Level 4.8 Stealth
 + Level 9.1 Shields


You had 11 spell levels left.
You didn't know any spells.
Your spell library was empty.

Dungeon Overview and Level Annotations

Branches:
Dungeon (1/1)

Altars:
Cheibriados
Dithmenos
Elyvilon
Fedhas
Gozag
Hepliaklqana
Kikubaaqudgha
Makhleb
Nemelex Xobeh
Okawaru
Qazlal
Ru
Sif Muna
Trog
Uskayaw
Vehumet
Wu Jian
Xom
Yredelemnul
Zin
The Shining One
Jiyva
Lugonu

Shops:
D (**[**[[!?[===![[?


Innate Abilities, Weirdness & Mutations

You have a pair of horns on your head.
You reflexively headbutt those who attack you in melee.


Message History

The fire giant hits you with a +2 great sword of flaming!
You slice the fire giant!! You headbutt the fire giant.
The fire giant is almost dead.
You barely miss the fire giant.
The fire giant is almost dead.
The fire giant gestures at you while chanting.
The bolt of fire hits you! You resist.
You slice the fire giant!!
You kill the fire giant!
Trog accepts your kill. Trog grants you a weapon!
Something appears at your feet!
You see here a +4 antimagic executioner's axe.
Trog appreciates your killing of a magic user.
Your Fighting skill increases to level 20!
Your Shields skill increases to level 9!
The fire giant points at you and mumbles some strange words.
The bolt of fire misses you.
Items here: ))) †.
You feel a strong urge to attack something.
You are no longer berserk.
You are exhausted.
You feel yourself slow down.
You see here a +4 antimagic executioner's axe.
You hit the fire giant. You headbutt the fire giant!
The fire giant is moderately wounded.
The fire giant gestures at you while chanting.
The bolt of fire hits you! You resist.
* * * LOW HITPOINT WARNING * * *
You hit the fire giant. Your headbutt misses the fire giant.
The fire giant is moderately wounded.
The fire giant hits you with a +1 great sword of flaming!!
* * * LOW HITPOINT WARNING * * *
The fire giant burns you.
* * * LOW HITPOINT WARNING * * *
You slash the fire giant!
The fire giant is moderately wounded.
The fire giant gestures at you while chanting.
The fireball explodes!
The fireball engulfs you! You resist.
You die...

##.###.#°°##*,,**#..#+###,,≈#.§§§
.'.∩##.#°°#***,,*##...#,≈,,##....
######.##+#,,*,,*,###.#,≈,,#....§
..§.##.#*,*,,,,,,,,,#.#**,,#.....
.....§.#***,,,,,,,,,#.#,+,,##..^.
######.#,,+,,,,,,####'#,**'*#....
...§§#§#****,,,###....#,*≈≈≈##...
..§.#§§#,?$#####)..####,*≈≈≈≈##[.
...≈####,......C@###^,,,*≈≈≈≈≈###
..≈≈#*,,,....#####,,,,****≈≈≈≈*≈≈
≈≈≈##*,,,..,**,,,^,,^^*,,*'≈≈≈'≈≈
≈### *,,,,,**,,^,^,,^^*,,,**≈≈*≈≈
#'###*,,,,,*^^,^,,,,^,*,,,,******
##∩∩#***********,,,,,,*,,,,*≈≈≈≈≈
∩∩∩##*≈≈≈≈≈≈≈≈,*,,,^,,*******≈≈≈≈
#### ***********,^,,,,',,*,,',,,≈
*,,,,,+,,,,^,,,^^*,,',,*,,,,


You could see a fire giant.

Vanquished Creatures
  A golden dragon (D)
  A shadow dragon (D)
  3 fire giants (D)
  A hydra (D)
  2 centaur warriors (D)
  Sonja (D)
  A deep troll (D)
  An oklob plant (D)
  A lindwurm (D)
  2 kobold demonologists (D)
  7 unseen horrors (D)
  A gargoyle (D)
  4 demonic crawlers (D)
  A slime creature (D)
  A hornet (D)
  2 redbacks (D)
  A yak (D)
  Sigmund (D)
  13 hogs (D)
  3 floating eyes (D)
  7 necrophages (D)
  An ogre (D)
  8 jellies (D)
  Ijyb (D)
65 creatures vanquished.

Vanquished Creatures (others)
  A gargoyle (D)
  2 ballistomycete spores (D)
3 creatures vanquished.

Grand Total: 68 creatures vanquished

Notes
Turn   | Place    | Note
-------+----------+-------------------------------------------
     0 | D        | Adenis the Minotaur Berserker began the quest for the Orb.
     0 | D        | Reached XP level 1. HP: 19/19 MP: 0/0
     2 | D        | Noticed Ijyb
     8 | D        | Killed Ijyb
     9 | D        | Reached skill level 5 in Fighting
     9 | D        | Reached skill level 5 in Axes
     9 | D        | Reached XP level 2. HP: 29/29 MP: 1/1
   119 | D        | Noticed an ogre
   123 | D        | Killed an ogre
   124 | D        | Reached XP level 3. HP: 40/40 MP: 2/2
   124 | D        | Reached XP level 4. HP: 48/48 MP: 3/3
   174 | D        | Noticed Sigmund
   183 | D        | Killed Sigmund
   183 | D        | Reached ** piety under Trog
   184 | D        | Reached skill level 5 in Armour
   184 | D        | Reached skill level 5 in Dodging
   184 | D        | Reached XP level 5. HP: 47/58 MP: 4/4
   427 | D        | Found a burning altar of Makhleb.
   427 | D        | Found a viscous altar of Jiyva.
   427 | D        | Found a shimmering altar of Xom.
   427 | D        | Found a corrupted altar of Lugonu.
   427 | D        | Noticed a slime creature
   433 | D        | Killed a slime creature
   434 | D        | Reached XP level 6. HP: 68/68 MP: 5/5
   609 | D        | Found an ornate altar of the Wu Jian Council.
   609 | D        | Found a shimmering blue altar of Sif Muna.
   611 | D        | Found a radiant altar of Vehumet.
   645 | D        | Found Raruch's General Store.
   645 | D        | Found an ancient bone altar of Kikubaaqudgha.
   645 | D        | Found a hazy altar of Hepliaklqana.
   645 | D        | Found a stormy altar of Qazlal.
   645 | D        | Found a hide-covered altar of Uskayaw.
   645 | D        | Found a blossoming altar of Fedhas.
   645 | D        | Found a bloodstained altar of Trog.
   645 | D        | Found an iron altar of Okawaru.
   645 | D        | Found a basalt altar of Yredelemnul.
   645 | D        | Found a glowing golden altar of the Shining One.
   645 | D        | Found a snail-covered altar of Cheibriados.
   645 | D        | Found a sacrificial altar of Ru.
   645 | D        | Found a glowing silver altar of Zin.
   645 | D        | Found a shadowy altar of Dithmenos.
   645 | D        | Found a white marble altar of Elyvilon.
   645 | D        | Noticed a yak
   649 | D        | Killed a yak
   650 | D        | Reached XP level 7. HP: 75/75 MP: 6/6
   650 | D        | Found an opulent altar of Gozag.
   651 | D        | Found a sparkling altar of Nemelex Xobeh.
   703 | D        | Noticed a centaur warrior
   703 | D        | Noticed a centaur warrior
   715 | D        | Killed a centaur warrior
   715 | D        | Reached *** piety under Trog
   716 | D        | Reached skill level 1 in Stealth
   716 | D        | Reached XP level 8. HP: 86/86 MP: 7/7
   719 | D        | Killed a centaur warrior
   957 | D        | Noticed a deep troll
   966 | D        | Killed a deep troll
   967 | D        | Reached skill level 15 in Axes
   967 | D        | Reached XP level 9. HP: 91/96 MP: 8/8
  1178 | D        | Found Wofuris's Armour Emporium.
  1210 | D        | Reached **** piety under Trog
  1211 | D        | Reached skill level 15 in Fighting
  1221 | D        | Noticed an oklob plant
  1229 | D        | Killed an oklob plant
  1230 | D        | Reached skill level 10 in Dodging
  1240 | D        | Killed a gargoyle
  1290 | D        | HP: 3/97 [redback (14)]
  1906 | D        | Reached ***** piety under Trog
  1928 | D        | Received a gift from Trog
  1949 | D        | Reached XP level 10. HP: 107/107 MP: 3/9
  1976 | D        | Found Vailinett's Antique Armour Shoppe.
  1976 | D        | Found Veffom's Assorted Antiques.
  1976 | D        | Found Lirexas's Assorted Antiques.
  1978 | D        | Found Yteuru's Assorted Antiques.
  1978 | D        | Found Qat Zoh's Armour Shop.
  1978 | D        | Found Vuip's Armour Shoppe.
  1978 | D        | Found Mitwyffo's Distillery.
  1978 | D        | Found Feorph's Magic Scroll Emporium.
  1978 | D        | Found Puihour's Armour Shop.
  1978 | D        | Found Ationuj's Jewellery Shoppe.
  1982 | D        | Found Jemm's Jewellery Boutique.
  1983 | D        | Found Oxaob's Distillery.
  1983 | D        | Found Yfuecleh's Jewellery Boutique.
  1984 | D        | Found Ehobbun's Antique Armour Emporium.
  1985 | D        | Bought the +2 shield of Resistance {rF++ rC++ Will++} for
                  | 649 gold pieces
  1985 | D        | Found the +2 shield of Resistance {rF++ rC++ Will++}
  1989 | D        | Bought a ring of see invisible for 195 gold pieces
  2190 | D        | Noticed Sonja
  2198 | D        | Killed Sonja
  2198 | D        | Reached ****** piety under Trog
  2244 | D        | Found Iprar's Antique Weapon Boutique.
  2362 | D        | Bought a +6 ring of strength for 760 gold pieces
  2432 | D        | Noticed an orange demon
  2433 | D        | Received a gift from Trog
  2444 | D        | Received a gift from Trog
  2853 | D        | Noticed a gargoyle
  2861 | D        | Killed a gargoyle
  2862 | D        | Reached skill level 10 in Armour
  3111 | D        | Noticed a lindwurm
  3116 | D        | Killed a lindwurm
  3132 | D        | Reached XP level 11. HP: 114/117 MP: 3/10
  3134 | D        | Received a gift from Trog
  3135 | D        | Reached skill level 1 in Shields
  3409 | D        | Noticed a 12-headed hydra
  3414 | D        | Killed a 15-headed hydra
  3414 | D        | Received a gift from Trog
  3894 | D        | Noticed a shadow dragon
  3894 | D        | Noticed a golden dragon
  3907 | D        | Killed a golden dragon
  3908 | D        | Reached skill level 5 in Shields
  3911 | D        | Killed a shadow dragon
  4433 | D        | Found Domnipso's Magic Scroll Shoppe.
  4443 | D        | Bought a scroll of magic mapping for 42 gold pieces
  4500 | D        | Noticed a daeva
  4520 | D        | Received a gift from Trog
  4521 | D        | Reached XP level 12. HP: 42/130 MP: 3/11
  4941 | D        | Noticed a fire giant
  4942 | D        | Noticed a fire giant
  4944 | D        | Noticed a fire giant
  4951 | D        | Noticed a fire giant
  4954 | D        | Killed a fire giant
  4959 | D        | Killed a fire giant
  4966 | D        | Killed a fire giant
  4966 | D        | Received a gift from Trog
  4971 | D        | Killed from afar by a fire giant

Illustrated notes

Levels and vault maps discovered:
D:        dungeon_sprint_1 [red_sonja_temple_1, red_sonja_temple_small_1]

Skill      XL: |  1  2  3  4  5  6  7  8  9 10 11 12 |
---------------+-------------------------------------+-----
Fighting       | 5 7 9 11 13 14 16 17 19 20 | 20.1
Axes           | 5 7 9 11 13 15 16 18 20 | 20.8
Armour         | 3 4 5 6 7 8 9 10 12 | 12.9
Dodging        | 3 5 6 8 9 10 12 13 14 | 14.2
Stealth        | 1 2 4 |  4.8
Shields        | 7 9 |  9.1

Action                   |  1- 3 |  4- 6 |  7- 9 | 10-12 || total
-------------------------+-------+-------+-------+-------++-------
Melee: Hand axe          |     7 |    17 |    45 |    23 ||    92
       Headbutt          |       |     6 |    14 |    33 ||    53
       Battleaxe         |       |       |     7 |    31 ||    38
       Broad axe         |       |       |       |    53 ||    53
Invok: Berserk           |     2 |     3 |     5 |     7 ||    17
  Use: Potion            |       |       |     2 |       ||     2
       Scroll            |       |       |       |     1 ||     1
 Stab: Sleeping          |       |       |     1 |       ||     1
Armor: Ring mail         |       |       |     7 |    42 ||    49
Dodge: Dodged            |     4 |     8 |    34 |    77 ||   123
Block: Kite shield       |       |       |       |    53 ||    53
